 Dungeon Crawl Stone Soup version 0.30.0-5-g1a98f26d00 (webtiles) character file.

Game seed: 7539453714232411603

18 hawla the Firebug (level 3, -2/26 HPs)
             Began as a Meteoran Fire Elementalist on May 12, 2023.
             Shot with an arrow by a centaur (7 damage)
             ... on level 4 of the Dungeon.
             The game lasted 00:03:05 (185 turns).

hawla the Firebug (Meteoran Fire Elementalist)       Turns: 185, Time: 00:03:05

Health: -2/26      AC:  4    Str: 10    XL:     3   Next: 8%
Magic:  6/8        EV: 12    Int: 18    God:
Gold:   36         SH:  0    Dex: 14    Spells: 4/7 levels left

rFire   . . .        h - +0 glaive
rCold   . . .        (shield currently unavailable)
rNeg    . . .        a - +0 robe
rPois   .            c - +0 helmet
rElec   .            (no cloak)
rCorr   .            f - +0 pair of gloves
SInv    .            (no boots)
Will    .....        (no amulet)
Stlth   +            (no ring)
HPRegen 0.24/turn    (no ring)
MPRegen 0.11/turn

%: no passive effects
@: attractive, glowing
A: sense surroundings 1, otherworldly, glowing, explore regen
a: no special abilities


You were on level 4 of the Dungeon.
You visited 1 branch of the dungeon, and saw 4 of its levels.

You collected 36 gold pieces.

Inventory:

Hand Weapons
 h - a +0 glaive (weapon)
Armour
 a - a +0 robe (worn)
 c - a +0 helmet (worn)
 f - a +0 pair of gloves (worn)
Scrolls
 g - 2 scrolls of fog {unknown}
 i - a scroll of silence {unknown}
Potions
 b - a potion of magic
 d - a potion of haste {unknown}
 e - a potion of attraction
 j - a potion of mutation {unknown}


   Skills:
 + Level 2.5 Dodging
 - Level 1.4 Stealth
 + Level 2.9 Spellcasting
 + Level 1.3 Conjurations
 + Level 4.5 Fire Magic


You had 4 spell levels left.
You knew the following spells:

 Your Spells              Type           Power      Damage    Failure   Level
a - Foxfire               Conj/Fire      52%        2x1d6     4%          1
b - Scorch                Fire           36%        2d6       3%          2

Your spell library contained the following spells:

 Spells                   Type           Power      Damage    Failure   Level
 Inner Flame              Hex/Fire       10%        N/A       21%         3
 Volatile Blastmotes      Fire/Tloc      20%        2d11      21%         3
 Lesser Beckoning         Tloc           4%         N/A       26%         2
 Flame Wave               Conj/Fire      13%        2d6       43%         4
 Gell's Gravitas          Tloc           2%         N/A       45%         3
 Teleport Other           Tloc           2%         N/A       45%         3


Dungeon Overview and Level Annotations

Branches:
Dungeon (4/15) Zot: 2213
 Temple: D:4-7

Altars:


Innate Abilities, Weirdness & Mutations

You passively map a small area around you.
You are easily found by Zot.
You glow in the dark.
You regain HP and MP as you explore.


Message History

You have reached level 3!
Your experience leads to an increase in your attributes!
Increase (S)trength, (I)ntelligence, or (D)exterity?
You feel clever. x2; You feel stronger.
The foxfire hits the orc.
You kill the orc!
Your foxfire dissipates!
You now have 36 gold pieces (gained 20).
You see here a +0 short sword.
Magic restored.
An orc and a centaur come into view.
The orc shouts!
The centaur shouts!
You hear an angry hiss.
The centaur wields a +0 shortbow.
The centaur shoots an arrow.
The arrow hits you!
An adder comes into view.
An orc comes into view. It is wielding a +0 hand axe.
The orc shouts!
Casting: Foxfire (safe; 4% risk of failure)
Confirm with . or Enter, or press ? or * to list all spells.
You conjure some foxfire!
You hear a shout!
The centaur shoots an arrow.
The arrow closely misses you.
The centaur shoots an arrow.
The arrow hits you.
Casting: Foxfire (safe; 4% risk of failure)
Confirm with . or Enter, or press ? or * to list all spells.
You conjure some foxfire!
The foxfire hits the centaur.
The centaur is lightly wounded.
The foxfire hits the adder.
The adder is heavily wounded.
The centaur shoots an arrow.
The arrow hits you!
* * * LOW HITPOINT WARNING * * *
It was a potion of attraction.
You feel attractive to monsters.
The foxfire hits the adder.
The adder is almost dead.
The foxfire hits the adder.
You kill the adder!
The centaur shoots an arrow.
The arrow barely misses you.
The centaur shoots an arrow.
The arrow hits you!
You die...

#...# #### * ####### *
#.... ..# *.... ..##* *
####...####.####.#*.....,,
....................#.#. *
* ......).......##o#......
..........<)..##o..c..#
#........#.##.#..#.#.,
#...####.#..§§§...... *
#...# #.###.@§†.....
####...# #...$.§..##.#.
.......# #####..)## ,
####...# #.....,, # #...#
#...... # ##### * *
###.....,, # , * ##### * *
# * # * *** *


You could see a centaur and 2 orcs.

Vanquished Creatures
  An adder (D:4)
  An ufetubus (D:4)
  An adder skeleton (D:3)
  An orc (D:4)
  A ball python (D:4)
  A giant cockroach (D:2)
  2 quokkas
  A bat (D:1)
  A frilled lizard (D:2)
  A rat (D:3)
11 creatures vanquished.

Vanquished Creatures (others)
  32 foxfires
32 creatures vanquished.

Grand Total: 43 creatures vanquished

Notes
Turn   | Place    | Note
-------+----------+-------------------------------------------
     0 | D:1      | hawla the Meteoran Fire Elementalist began the quest for
                  | the Orb.
     0 | D:1      | Reached XP level 1. HP: 14/14 MP: 5/5
    85 | D:2      | Reached skill level 4 in Fire Magic
   102 | D:2      | Reached XP level 2. HP: 20/20 MP: 3/6
   105 | D:2      | Learned a level 2 spell: Scorch
   170 | D:4      | Reached XP level 3. HP: 26/26 MP: 5/8
   182 | D:4      | Noticed a centaur
   185 | D:4      | Shot with an arrow by a centaur

Illustrated notes

Levels and vault maps discovered:
D:1:      minmay_arrival_open_corners, layout_loops_ring, serial_shops, shop,
          hangedman_decor_growths, minmay_ruptured
D:2:      layout_loops_ring, hangedman_decor_slide_cut
D:3:      layout_basic, nicolae_elyvilon_peaceful_grove, serial_undead,
          serial_undead_e, serial_undead_d, serial_undead_d, serial_undead_e,
          serial_undead_a, serial_undead_b, serial_undead_b, serial_undead_e,
          uniq_natasha
D:4:      layout_loops_cross, serial_shops, nicolae_shop_tiny_waterfront,
          chequers_serial_rivers_room_a, lightli_corner_chamber

Skill      XL: |  1 |
---------------+----+-----
Fire Magic     | 4 |  4.5
Dodging        | |  2.5
Stealth        | |  1.4
Spellcasting   | |  2.9
Conjurations   | |  1.3

Action                     || total
---------------------------++-------
  Melee: Unarmed           ||     2
         Glaive            ||     2
   Cast: Foxfire           ||    18
    Use: Potion            ||     1
 Armour: Robe              ||     2
  Dodge: Dodged            ||     3
